cohdb
Replays
Latest Replays
All Replays
Popular Replays
Top Player Replays
Match Explorer
How It Works
Community
CoH3 Stats
Reddit
Sign in to upload your games and track your stats! →
Sign in with Steam
Match 46537627
Unlisted
Match 46537627
Overview
Messages
Build Orders
End
Scout Squad
Construct Weapon Support Center
M1919 Machine Gun Team
Scout Squad
Engineer Squad
Infantry Support Center
M1919 Machine Gun Team
Construct Medical Station
M1919 Machine Gun Team
Construct Motor Pool
Selects Heavy Weapons
Selects M2HB .50cal Heavy Machine Gun
Bazooka Squad
M8 Greyhound Armored Car
Captain Retinue
M8 Greyhound Armored Car
M1919 Machine Gun Team
M8 Greyhound Armored Car
M1919 Machine Gun Team
Bazooka Squad
M1 Anti-tank Gun Team
Selects Assault Carriers
Selects Halftrack Strongpoints
M1919 Machine Gun Team
Advanced Logistics
M1 Anti-tank Gun Team
Scout Squad
Selects M26 Pershing Heavy Tank
M26 Pershing Heavy Tank
M1919 Machine Gun Team
Iceman
jonafrag
0
0
Comments
sign in to comment!
No comments posted yet!